Canucks vs Flames
Created - April 14, 2017 at 23:09
Goals
|
Canucks |
1 |
0 |
2 |
3 |
Flames |
0 |
0 |
1 |
1 |
|
Shots
|
Canucks |
8 |
11 |
8 |
27 |
Flames |
18 |
3 |
8 |
29 |
|
1st period
1. Canucks , Maxim Lapierre 24 (Alex Goligoski 44) at 18:45
Penalties :
Maxim Lapierre (Van) for Interference (Minor) at 2:03, Clarke MacArthur (Van) for Hooking (Minor) at 15:01
2nd period
No Goal
Penalties :
Eric Staal (Cal) for Holding (Minor) at 0:22, Maxim Afinogenov (Van) for Hooking (Minor) at 3:32
3rd period
2. Flames , Brad Marchand 14 (Eric Staal 56, Ron Hainsey 12) at 16:14 (SH)
3. Canucks , Alex Tanguay 13 (Maxim Afinogenov 37, Brendon Nash 4) at 17:29
4. Canucks , Clarke MacArthur 19 (Maxim Lapierre 19, Sami Lepisto 9) at 18:46 (Empty Net)
Penalties :
Derek Meech (Cal) for Hooking (Minor) at 1:43, Jonathan Ferland (Cal) for Tripping (Minor) at 7:29, Martin St. Louis (Van) for Hooking (Minor) at 12:01, Steve Regier (Cal) for Hooking (Minor) at 15:04, Mark Bell (Cal) for Roughing (Minor) at 19:33
Goalie Stats
Brent Krahn (Van), 28 saves from 29 shots - (0.966), W, 11-9-2, 60:00 minutes
Pekka Rinne (Cal), 24 saves from 26 shots - (0.923), L, 25-24-5, 59:46 minutes
Players Stats for Canucks
Player Name G A P +/- PIM S H SB GA TA FO MP PP MP PK MP
------------------------------------------------------------------------------------
Alex Goligoski 0 1 1 0 0 2 1 2 1 0 0/0 27:06 4:40 4:32
Alex Tanguay 1 0 1 1 0 3 0 0 0 0 0/2 11:41 0:06 1:17
Ben Lovejoy 0 0 0 0 0 2 1 1 0 0 0/0 27:06 4:40 4:32
Brendon Nash 0 1 1 2 0 0 3 1 0 1 0/0 20:41 0:00 0:00
Clarke MacArthur 1 0 1 2 2 2 1 0 2 0 2/2 17:33 3:31 0:17
Jiri Hudler 0 0 0 0 0 1 0 1 2 0 1/3 15:16 3:31 2:02
Martin St. Louis 0 0 0 -1 2 2 1 1 1 0 7/14 18:58 4:45 3:13
Matt Stajan 0 0 0 0 0 0 1 0 0 0 1/2 10:59 0:00 1:21
Maxim Afinogenov 0 1 1 1 2 3 2 0 0 0 1/1 10:44 0:06 0:00
Maxim Lapierre 1 1 2 2 2 5 0 0 0 0 7/22 18:48 3:31 1:21
Mike Ribeiro 0 0 0 -1 0 1 0 0 0 0 0/1 5:21 4:45 0:00
Milan Michalek 0 0 0 0 0 1 0 0 0 1 0/0 14:12 0:06 4:15
Nigel Dawes 0 0 0 1 0 0 3 1 3 0 0/0 21:00 4:45 2:06
Patrick Eaves 0 0 0 1 0 3 1 0 1 1 6/11 17:53 0:00 0:00
Ryan Parent 0 0 0 1 0 0 0 0 0 0 0/0 11:42 0:00 0:00
Sami Lepisto 0 1 1 1 0 1 1 0 1 2 0/0 21:51 3:42 3:24
Tom Poti 0 0 0 0 0 1 0 0 0 0 0/0 11:34 3:42 3:24
Vince Rocco 0 0 0 0 0 0 1 0 1 0 0/0 9:35 0:00 0:00
Players Stats for Flames
Player Name G A P +/- PIM S H SB GA TA FO MP PP MP PK MP
------------------------------------------------------------------------------------
Brad Marchand 1 0 1 1 0 6 1 0 0 0 0/0 14:10 0:02 3:05
Cam Janssen 0 0 0 0 0 0 2 0 0 1 0/0 8:52 0:00 0:00
Colin Wilson 0 0 0 0 0 2 2 0 0 0 4/6 9:48 0:00 0:58
David Backes 0 0 0 -2 0 2 2 2 0 0 2/3 22:47 4:36 4:39
Derek Meech 0 0 0 0 2 2 0 0 0 1 0/0 18:20 0:00 2:17
Eric Staal 0 1 1 0 2 2 4 0 1 0 12/24 20:09 4:36 2:15
Erik Johnson 0 0 0 -1 0 0 1 1 0 3 0/0 23:39 5:00 0:54
Jonathan Ferland 0 0 0 0 2 1 2 0 0 0 0/0 14:20 3:20 0:00
Marcel Goc 0 0 0 -2 0 2 0 0 0 2 8/15 15:34 0:00 4:52
Mark Bell 0 0 0 -1 2 0 1 0 0 1 1/1 18:45 4:34 0:55
Noah Welch 0 0 0 -1 0 0 1 0 0 0 0/0 13:51 2:56 0:16
Patrik Berglund 0 0 0 0 0 4 1 0 1 0 6/9 14:28 3:20 0:00
Robyn Regehr 0 0 0 -1 0 3 0 0 0 1 0/0 16:03 2:56 3:27
Ron Hainsey 0 1 1 -1 0 1 0 2 0 0 0/0 14:52 0:00 4:55
Stephane Veilleux 0 0 0 0 0 1 0 0 0 0 0/0 8:40 0:00 0:00
Steve Eminger 0 0 0 -1 0 0 1 0 1 2 0/0 24:44 0:00 4:55
Steve Regier 0 0 0 -2 2 2 3 0 1 0 0/0 14:01 3:20 0:00
Tomas Kaberle 0 0 0 0 0 1 0 2 1 1 0/0 18:30 5:00 0:00
3 Stars
1 - Brent Krahn (Van)
2 - Maxim Lapierre (Van)
3 - Brendon Nash (Van)
Power Play
Canucks - 0 on 5 Attempt(s) - 0.00%
Flames - 0 on 4 Attempt(s) - 0.00%
Penalty Kill
Canucks - 4 on 4 Attempt(s) - 100.00%
- Score 0 goal in Penalty Kill
Flames - 5 on 5 Attempt(s) - 100.00%
- Score 1 goal in Penalty Kill
Team Stat
Canucks - Hits : 16 - Faceoff Wins : 25 - Blocked Shots : 7 - Penalty Minutes : 8
Flames - Hits : 21 - Faceoff Wins : 33 - Blocked Shots : 7 - Penalty Minutes : 10
Official
Referees : Martell Rob and Kimmerly Greg
Linesman : Brian Mach and Steve Barton
Game Notes
Clarke MacArthur has scored in a empty net!
Finance
Level 1 -- Attendance: 4728 (78.80%) -- Ticket Income $420,792
Level 2 -- Attendance: 3435 (68.70%) -- Ticket Income $195,795
Level 3 -- Attendance: 1636 (81.80%) -- Ticket Income $53,988
Level 4 -- Attendance: 2805 (70.13%) -- Ticket Income $64,515
Luxury Box -- Attendance: 803 (80.30%) -- Ticket Income $135,707
Game was played at the Metal Center.
Total Attendance: 13407 (74.48%)
Total Ticket Income: $870,797
Other Income: $130,620
Total Income: $1,001,417
Canucks
5 vs 5 Forward
Center Left Wing Right Wing Time % Phy DF OF
1 Maxim Lapierre Nigel Dawes Clarke MacArthur 40 1 2 2
2 Patrick Eaves Martin St. Louis Maxim Afinogenov 30 1 2 2
3 Patrick Eaves Alex Tanguay Matt Stajan 20 1 2 2
4 Jiri Hudler Vince Rocco Milan Michalek 10 1 2 2
5 vs 5 Defense
Defense Defense Time % Phy DF OF
1 Sami Lepisto Brendon Nash 40 1 2 2
2 Ben Lovejoy Alex Goligoski 30 1 2 2
3 Ryan Parent Brendon Nash 20 1 2 2
4 Alex Goligoski Ben Lovejoy 10 1 2 2
PowerPlay Forward
Center Left Wing Right Wing Time % Phy DF OF
1 Martin St. Louis Mike Ribeiro Nigel Dawes 60 1 2 2
2 Clarke MacArthur Maxim Lapierre Jiri Hudler 40 1 2 2
PowerPlay Defense
Defense Defense Time % Phy DF OF
1 Alex Goligoski Ben Lovejoy 60 1 2 2
2 Tom Poti Sami Lepisto 40 1 2 2
Penalty Kill 4 Players Forward
Center Wing Time % Phy DF OF
1 Martin St. Louis Milan Michalek 60 1 2 2
2 Maxim Lapierre Nigel Dawes 40 1 2 2
Penalty Kill 4 Players Defense
Defense Defense Time % Phy DF OF
1 Alex Goligoski Ben Lovejoy 60 1 2 2
2 Tom Poti Sami Lepisto 40 1 2 2
Penalty Kill - 3 Players Forward
Forward Time % Phy DF OF
1 Milan Michalek 60 1 2 2
2 Mike Ribeiro 40 1 2 2
Penalty Kill - 3 Players Defense
Defense Defense Time % Phy DF OF
1 Alex Goligoski Ben Lovejoy 60 1 2 2
2 Tom Poti Sami Lepisto 40 1 2 2
4 vs 4 Forward
Center Wing Time % Phy DF OF
1 Milan Michalek Mike Ribeiro 60 1 2 2
2 Maxim Afinogenov Matt Stajan 40 1 2 2
4 vs 4 Defense
Defense Defense Time % Phy DF OF
1 Alex Goligoski Ben Lovejoy 60 1 2 2
2 Tom Poti Sami Lepisto 40 1 2 2
Last Minutes Offensive
Center Left Wing Right Wing Defense Defense
Nigel Dawes Mike Ribeiro Clarke MacArthur Brendon Nash Ben Lovejoy
Last Minutes Defensive
Center Left Wing Right Wing Defense Defense
Maxim Afinogenov Mike Ribeiro Matt Stajan Brendon Nash Sami Lepisto
Goaltenders
Starting : Brent Krahn
Backup : Carey Price
Extra Forwards
Normal : Martin St. Louis, Alex Tanguay, Jiri Hudler - PP : Maxim Lapierre, Alex Tanguay - PK : Jiri Hudler
Extra Defensemen
Normal : Ryan Parent, Brendon Nash, Tom Poti - PP : Ryan Parent - PK : Brendon Nash, Tom Poti
Penalty Shots
Milan Michalek, Mike Ribeiro, Maxim Afinogenov, Matt Stajan, Martin St. Louis
Scratches
Nikolai Zherdev (Suspend)
Flames
5 vs 5 Forward
Center Left Wing Right Wing Time % Phy DF OF
1 Eric Staal Mark Bell David Backes 39 1 2 2
2 Patrik Berglund Brad Marchand Jonathan Ferland 30 1 2 2
3 Marcel Goc Steve Regier Noah Welch 21 1 2 2
4 Colin Wilson Stephane Veilleux Cam Janssen 10 1 2 2
5 vs 5 Defense
Defense Defense Time % Phy DF OF
1 Erik Johnson Steve Eminger 40 1 2 2
2 Derek Meech Tomas Kaberle 30 1 2 2
3 Ron Hainsey Robyn Regehr 20 1 2 2
4 Derek Meech Steve Eminger 10 1 2 2
PowerPlay Forward
Center Left Wing Right Wing Time % Phy DF OF
1 Eric Staal Mark Bell David Backes 60 1 1 3
2 Patrik Berglund Steve Regier Jonathan Ferland 40 1 1 3
PowerPlay Defense
Defense Defense Time % Phy DF OF
1 Erik Johnson Tomas Kaberle 60 1 1 3
2 Noah Welch Robyn Regehr 40 1 1 3
Penalty Kill 4 Players Forward
Center Wing Time % Phy DF OF
1 Marcel Goc David Backes 60 1 3 1
2 Eric Staal Brad Marchand 40 1 3 1
Penalty Kill 4 Players Defense
Defense Defense Time % Phy DF OF
1 Ron Hainsey Steve Eminger 60 1 4 0
2 Derek Meech Robyn Regehr 40 1 4 0
Penalty Kill - 3 Players Forward
Forward Time % Phy DF OF
1 Eric Staal 60 1 4 0
2 David Backes 40 1 4 0
Penalty Kill - 3 Players Defense
Defense Defense Time % Phy DF OF
1 Ron Hainsey Steve Eminger 60 1 4 0
2 Derek Meech Robyn Regehr 40 1 4 0
4 vs 4 Forward
Center Wing Time % Phy DF OF
1 Eric Staal David Backes 60 1 2 2
2 Patrik Berglund Brad Marchand 40 1 2 2
4 vs 4 Defense
Defense Defense Time % Phy DF OF
1 Erik Johnson Steve Eminger 60 1 2 2
2 Derek Meech Tomas Kaberle 40 1 2 2
Last Minutes Offensive
Center Left Wing Right Wing Defense Defense
Eric Staal Mark Bell David Backes Erik Johnson Steve Eminger
Last Minutes Defensive
Center Left Wing Right Wing Defense Defense
Eric Staal Mark Bell David Backes Erik Johnson Steve Eminger
Goaltenders
Starting : Pekka Rinne
Backup : Craig Anderson
Extra Forwards
Normal : David Backes, Patrik Berglund, Steve Regier - PP : Steve Regier, Mark Bell - PK : Brad Marchand
Extra Defensemen
Normal : Erik Johnson, Derek Meech, Ron Hainsey - PP : Noah Welch - PK : Erik Johnson, Derek Meech
Penalty Shots
Eric Staal, Steve Regier, Patrik Berglund, David Backes, Colin Wilson
Scratches
Alexander Semin (Suspend), Jordin Tootoo (Strained Back Injury), Michel Ouellet (Sprained Left Finger Injury)
% Time on Ice - Canucks
Lines # - Real PCT - Wanted PCT - Time Play
Normal Forward
1 - 33% - 40% - 14:17
2 - 24% - 30% - 10:35
3 - 21% - 20% - 9:15
4 - 22% - 10% - 9:35
Normal Defense
1 - 37% - 40% - 16:12
2 - 29% - 30% - 12:40
3 - 25% - 20% - 11:03
4 - 9% - 10% - 3:47
PP Forward
1 - 58% - 60% - 4:51
2 - 42% - 40% - 3:31
PP Defense
1 - 56% - 60% - 4:40
2 - 44% - 40% - 3:42
PK Forward
1 - 74% - 60% - 5:50
2 - 26% - 40% - 2:06
PK Defense
1 - 57% - 60% - 4:32
2 - 43% - 40% - 3:24
PK3 Forward
1 - 0% - 60%
2 - 0% - 40%
PK3 Defense
1 - 0% - 60%
2 - 0% - 40%
44 Forward
1 - 0% - 60%
2 - 0% - 40%
44 Defense
1 - 0% - 60%
2 - 0% - 40%
Last Minute Offensive - 0:00
Last Minute Defensive - 0:00
Total
Forward - 60:00
Defense - 60:00
|
% Time on Ice - Flames
Lines # - Real PCT - Wanted PCT - Time Play
Normal Forward
1 - 32% - 39% - 13:47
2 - 25% - 30% - 10:59
3 - 23% - 21% - 10:16
4 - 20% - 10% - 8:40
Normal Defense
1 - 42% - 40% - 18:28
2 - 31% - 30% - 13:33
3 - 19% - 20% - 8:31
4 - 7% - 10% - 3:10
PP Forward
1 - 58% - 60% - 4:36
2 - 42% - 40% - 3:20
PP Defense
1 - 63% - 60% - 5:00
2 - 37% - 40% - 2:56
PK Forward
1 - 82% - 60% - 6:54
2 - 18% - 40% - 1:28
PK Defense
1 - 59% - 60% - 4:55
2 - 41% - 40% - 3:27
PK3 Forward
1 - 0% - 60%
2 - 0% - 40%
PK3 Defense
1 - 0% - 60%
2 - 0% - 40%
44 Forward
1 - 0% - 60%
2 - 0% - 40%
44 Defense
1 - 0% - 60%
2 - 0% - 40%
Last Minute Offensive - 0:00
Last Minute Defensive - 0:00
Total
Forward - 60:00
Defense - 60:00
|
Play by Play
1st period
0:01 of 1st period - Maxim Lapierre wins face-off versus Eric Staal in neutral zone.
0:33 of 1st period - Slapshot by Erik Johnson.
0:33 of 1st period - Shot Blocked by Brendon Nash.
0:55 of 1st period - Snap shot by Colin Wilson.
0:55 of 1st period - Deflect By Stephane Veilleux.
0:55 of 1st period - Shot Misses the Net.
0:55 of 1st period - Puck is out of play.
0:56 of 1st period - Colin Wilson wins face-off versus Patrick Eaves in Canucks zone.
1:05 of 1st period - Wrist shot by Cam Janssen.
1:05 of 1st period - Shot Misses the Net.
1:07 of 1st period - Wrist shot by Cam Janssen.
1:07 of 1st period - Shot Misses the Net.
1:09 of 1st period - Slapshot by Derek Meech.
1:09 of 1st period - Stopped by Brent Krahn with a rebound.
1:25 of 1st period - Wrist shot by Colin Wilson.
1:25 of 1st period - Stopped by Brent Krahn without a rebound.
1:26 of 1st period - Eric Staal wins face-off versus Maxim Lapierre in Canucks zone.
1:39 of 1st period - Snap shot by Eric Staal.
1:39 of 1st period - Stopped by Brent Krahn without a rebound.
1:40 of 1st period - Patrik Berglund wins face-off versus Patrick Eaves in Canucks zone.
1:51 of 1st period - Slapshot by Patrik Berglund.
1:51 of 1st period - Shot Misses the Net.
1:53 of 1st period - Wrist shot by Derek Meech.
1:53 of 1st period - Shot Blocked by Martin St. Louis.
1:55 of 1st period - Slapshot by Jonathan Ferland.
1:55 of 1st period - Stopped by Brent Krahn without a rebound.
1:56 of 1st period - Marcel Goc wins face-off versus Maxim Lapierre in Canucks zone.
2:01 of 1st period - Wrist shot by Steve Regier.
2:01 of 1st period - Stopped by Brent Krahn with a rebound.
2:03 of 1st period - Minor Penalty to Maxim Lapierre for Interference.
2:04 of 1st period - Eric Staal wins face-off versus Martin St. Louis in Canucks zone.
3:59 of 1st period - Icing by David Backes.
4:00 of 1st period - David Backes wins face-off versus Matt Stajan in Flames zone.
4:03 of 1st period - Penalty to Maxim Lapierre is over, Maxim Lapierre is back on ice.
6:54 of 1st period - Alex Goligoski is hit by Cam Janssen and loses puck.
7:20 of 1st period - Ben Lovejoy is hit by Mark Bell and loses puck.
7:32 of 1st period - Off-side.
7:33 of 1st period - Patrik Berglund wins face-off versus Alex Tanguay in neutral zone.
7:36 of 1st period - Slapshot by Tomas Kaberle.
7:36 of 1st period - Stopped by Brent Krahn without a rebound.
7:37 of 1st period - Patrik Berglund wins face-off versus Martin St. Louis in Canucks zone.
7:38 of 1st period - Slapshot by Brad Marchand.
7:38 of 1st period - Stopped by Brent Krahn with a rebound.
7:40 of 1st period - Slapshot by Brad Marchand.
7:40 of 1st period - Deflect By Patrik Berglund.
7:40 of 1st period - Stopped by Brent Krahn with a rebound.
7:42 of 1st period - Slapshot by Derek Meech.
7:42 of 1st period - Deflect By Patrik Berglund.
7:42 of 1st period - Shot Misses the Net.
7:42 of 1st period - Puck is out of play.
7:43 of 1st period - Eric Staal wins face-off versus Maxim Lapierre in Canucks zone.
7:52 of 1st period - Tomas Kaberle is hit by Brendon Nash and loses puck.
8:40 of 1st period - Off-side.
8:41 of 1st period - Eric Staal wins face-off versus Maxim Lapierre in neutral zone.
9:06 of 1st period - Steve Eminger is hit by Maxim Afinogenov and loses puck.
9:15 of 1st period - Snap shot by Patrik Berglund.
9:15 of 1st period - Stopped by Brent Krahn with a rebound.
10:40 of 1st period - Snap shot by Maxim Afinogenov.
10:40 of 1st period - Stopped by Pekka Rinne without a rebound.
10:41 of 1st period - Patrick Eaves wins face-off versus Marcel Goc in Flames zone.
11:06 of 1st period - Steve Eminger is hit by Nigel Dawes and loses puck.
11:11 of 1st period - Snap shot by Maxim Lapierre.
11:11 of 1st period - Stopped by Pekka Rinne with a rebound.
11:13 of 1st period - Snap shot by Maxim Lapierre.
11:13 of 1st period - Stopped by Pekka Rinne without a rebound.
11:14 of 1st period - Eric Staal wins face-off versus Maxim Lapierre in Flames zone.
11:25 of 1st period - Snap shot by Eric Staal.
11:25 of 1st period - Stopped by Brent Krahn with a rebound.
11:48 of 1st period - Snap shot by Brad Marchand.
11:48 of 1st period - Deflect By Patrik Berglund.
11:48 of 1st period - Stopped by Brent Krahn with a rebound.
12:25 of 1st period - Slapshot by Alex Goligoski.
12:25 of 1st period - Shot Misses the Net.
12:27 of 1st period - Snap shot by Ben Lovejoy.
12:27 of 1st period - Stopped by Pekka Rinne without a rebound.
12:28 of 1st period - Matt Stajan wins face-off versus Eric Staal in Flames zone.
12:57 of 1st period - Wrist shot by Brad Marchand.
12:57 of 1st period - Stopped by Brent Krahn with a rebound.
12:59 of 1st period - Wrist shot by Brad Marchand.
12:59 of 1st period - Stopped by Brent Krahn with a rebound.
13:01 of 1st period - Slapshot by Ron Hainsey.
13:01 of 1st period - Stopped by Brent Krahn with a rebound.
13:03 of 1st period - Wrist shot by Patrik Berglund.
13:03 of 1st period - Deflect By Brendon Nash.
13:03 of 1st period - Stopped by Brent Krahn with a rebound.
14:34 of 1st period - Ryan Parent is hit by Patrik Berglund and loses puck.
14:48 of 1st period - Off-side.
14:49 of 1st period - Colin Wilson wins face-off versus Jiri Hudler in neutral zone.
14:52 of 1st period - Snap shot by Colin Wilson.
14:52 of 1st period - Stopped by Brent Krahn without a rebound.
14:53 of 1st period - Maxim Lapierre wins face-off versus Eric Staal in Canucks zone.
15:01 of 1st period - Minor Penalty to Clarke MacArthur for Hooking.
15:02 of 1st period - Martin St. Louis wins face-off versus Eric Staal in Canucks zone.
15:06 of 1st period - Slapshot by Alex Goligoski.
15:06 of 1st period - Stopped by Pekka Rinne without a rebound.
15:07 of 1st period - Eric Staal wins face-off versus Martin St. Louis in Flames zone.
15:20 of 1st period - Snap shot by David Backes.
15:20 of 1st period - Stopped by Brent Krahn without a rebound.
15:21 of 1st period - Martin St. Louis wins face-off versus Eric Staal in Canucks zone.
15:28 of 1st period - Wrist shot by Martin St. Louis.
15:28 of 1st period - Shot Blocked by Tomas Kaberle.
15:30 of 1st period - Snap shot by Milan Michalek.
15:30 of 1st period - Shot Misses the Net.
15:32 of 1st period - Snap shot by Martin St. Louis.
15:32 of 1st period - Shot Misses the Net.
15:34 of 1st period - Wrist shot by Milan Michalek.
15:34 of 1st period - Shot Blocked by Erik Johnson.
15:36 of 1st period - Snap shot by Martin St. Louis.
15:36 of 1st period - Stopped by Pekka Rinne without a rebound.
15:37 of 1st period - Martin St. Louis wins face-off versus Eric Staal in Flames zone.
15:42 of 1st period - Slapshot by Milan Michalek.
15:42 of 1st period - Shot Misses the Net.
16:20 of 1st period - Alex Goligoski is hit by Eric Staal and loses puck.
17:01 of 1st period - Penalty to Clarke MacArthur is over, Clarke MacArthur is back on ice.
17:55 of 1st period - Wrist shot by Jiri Hudler.
17:55 of 1st period - Stopped by Pekka Rinne without a rebound.
17:56 of 1st period - Colin Wilson wins face-off versus Jiri Hudler in Flames zone.
18:23 of 1st period - Icing by Clarke MacArthur.
18:24 of 1st period - Maxim Lapierre wins face-off versus David Backes in Canucks zone.
18:29 of 1st period - Slapshot by Ben Lovejoy.
18:29 of 1st period - Shot Blocked by David Backes.
18:45 of 1st period - Wrist shot by Maxim Lapierre.
18:45 of 1st period - Goal by Maxim Lapierre - Canucks : 1 - Flames : 0.
18:46 of 1st period - Maxim Lapierre wins face-off versus Eric Staal in neutral zone.
18:48 of 1st period - Off-side.
18:49 of 1st period - David Backes wins face-off versus Maxim Lapierre in neutral zone.
18:58 of 1st period - Wrist shot by David Backes.
18:58 of 1st period - Stopped by Brent Krahn with a rebound.
19:00 of 1st period - Slapshot by Derek Meech.
19:00 of 1st period - Shot Misses the Net.
19:58 of 1st period - Icing by Ben Lovejoy.
19:59 of 1st period - Eric Staal wins face-off versus Maxim Lapierre in Canucks zone.
Goals for this period are 1 for Canucks vs 0 for Flames.
Shots for this period are 8 for Canucks vs 18 for Flames.
2nd period
0:01 of 2nd period - Eric Staal wins face-off versus Patrick Eaves in neutral zone.
0:22 of 2nd period - Minor Penalty to Eric Staal for Holding.
0:23 of 2nd period - Marcel Goc wins face-off versus Martin St. Louis in Flames zone.
0:23 of 2nd period - Marcel Goc is hit by Nigel Dawes.
2:22 of 2nd period - Penalty to Eric Staal is over, Eric Staal is back on ice.
2:23 of 2nd period - Mark Bell is hit by Sami Lepisto and loses puck.
2:58 of 2nd period - Milan Michalek is hit by Steve Regier and loses puck.
3:32 of 2nd period - Minor Penalty to Maxim Afinogenov for Hooking.
3:33 of 2nd period - Martin St. Louis wins face-off versus Eric Staal in Canucks zone.
3:38 of 2nd period - Slapshot by Alex Goligoski.
3:38 of 2nd period - Shot Blocked by David Backes.
4:23 of 2nd period - Martin St. Louis is hit by David Backes and loses puck.
4:53 of 2nd period - Backhand shot by Ben Lovejoy.
4:53 of 2nd period - Shot Misses the Net.
5:17 of 2nd period - Patrik Berglund is hit by Nigel Dawes and loses puck.
5:32 of 2nd period - Penalty to Maxim Afinogenov is over, Maxim Afinogenov is back on ice.
6:49 of 2nd period - Steve Eminger is hit by Clarke MacArthur and loses puck.
7:28 of 2nd period - Patrick Eaves is hit by Eric Staal and loses puck.
7:49 of 2nd period - Stephane Veilleux is hit by Vince Rocco and loses puck.
8:04 of 2nd period - Jiri Hudler is hit by Steve Eminger and loses puck.
8:58 of 2nd period - Wrist shot by Maxim Afinogenov.
8:58 of 2nd period - Stopped by Pekka Rinne without a rebound.
8:59 of 2nd period - Mark Bell wins face-off versus Alex Tanguay in Flames zone.
9:12 of 2nd period - Wrist shot by Martin St. Louis.
9:12 of 2nd period - Stopped by Pekka Rinne with a rebound.
9:14 of 2nd period - Wrist shot by Martin St. Louis.
9:14 of 2nd period - Shot Misses the Net.
9:16 of 2nd period - Snap shot by Maxim Afinogenov.
9:16 of 2nd period - Stopped by Pekka Rinne without a rebound.
9:17 of 2nd period - Maxim Lapierre wins face-off versus Patrik Berglund in Flames zone.
9:18 of 2nd period - Slapshot by Alex Goligoski.
9:18 of 2nd period - Shot Misses the Net.
9:20 of 2nd period - Slapshot by Alex Goligoski.
9:20 of 2nd period - Shot Misses the Net.
9:22 of 2nd period - Wrist shot by Clarke MacArthur.
9:22 of 2nd period - Stopped by Pekka Rinne with a rebound.
9:24 of 2nd period - Slapshot by Ben Lovejoy.
9:24 of 2nd period - Stopped by Pekka Rinne without a rebound.
9:25 of 2nd period - Maxim Lapierre wins face-off versus Patrik Berglund in Flames zone.
9:30 of 2nd period - Snap shot by Maxim Lapierre.
9:30 of 2nd period - Shot Misses the Net.
9:38 of 2nd period - Slapshot by Maxim Lapierre.
9:38 of 2nd period - Shot Misses the Net.
10:57 of 2nd period - Sami Lepisto is hit by Colin Wilson.
11:05 of 2nd period - Slapshot by Stephane Veilleux.
11:05 of 2nd period - Shot Misses the Net.
11:07 of 2nd period - Slapshot by Robyn Regehr.
11:07 of 2nd period - Stopped by Brent Krahn with a rebound.
11:09 of 2nd period - Slapshot by Robyn Regehr.
11:09 of 2nd period - Stopped by Brent Krahn with a rebound.
11:42 of 2nd period - Ron Hainsey is hit by Ben Lovejoy and loses puck.
12:18 of 2nd period - Wrist shot by Patrick Eaves.
12:18 of 2nd period - Stopped by Pekka Rinne with a rebound.
12:24 of 2nd period - Snap shot by Alex Tanguay.
12:24 of 2nd period - Stopped by Pekka Rinne with a rebound.
12:26 of 2nd period - Slapshot by Alex Tanguay.
12:26 of 2nd period - Stopped by Pekka Rinne with a rebound.
12:28 of 2nd period - Slapshot by Tom Poti.
12:28 of 2nd period - Stopped by Pekka Rinne without a rebound.
12:29 of 2nd period - Eric Staal wins face-off versus Maxim Lapierre in Flames zone.
14:01 of 2nd period - Tomas Kaberle is hit by Brendon Nash and loses puck.
15:52 of 2nd period - Icing by Maxim Afinogenov.
15:53 of 2nd period - Eric Staal wins face-off versus Maxim Lapierre in Canucks zone.
16:12 of 2nd period - Wrist shot by Jiri Hudler.
16:12 of 2nd period - Shot Misses the Net.
16:20 of 2nd period - Wrist shot by Noah Welch.
16:20 of 2nd period - Shot Misses the Net.
16:22 of 2nd period - Snap shot by Steve Regier.
16:22 of 2nd period - Stopped by Brent Krahn without a rebound.
16:23 of 2nd period - Patrick Eaves wins face-off versus Patrik Berglund in Canucks zone.
17:27 of 2nd period - Icing by Clarke MacArthur.
17:28 of 2nd period - Colin Wilson wins face-off versus Maxim Lapierre in Canucks zone.
18:03 of 2nd period - Snap shot by Milan Michalek.
18:03 of 2nd period - Stopped by Pekka Rinne without a rebound.
18:04 of 2nd period - Maxim Afinogenov wins face-off versus Eric Staal in Flames zone.
18:11 of 2nd period - Snap shot by Maxim Afinogenov.
18:11 of 2nd period - Shot Misses the Net.
18:16 of 2nd period - Steve Eminger is hit by Martin St. Louis and loses puck.
19:12 of 2nd period - Snap shot by Ben Lovejoy.
19:12 of 2nd period - Deflect By Matt Stajan.
19:12 of 2nd period - Shot Blocked by Tomas Kaberle.
19:12 of 2nd period - Puck is out of play.
19:13 of 2nd period - Patrick Eaves wins face-off versus Eric Staal in Flames zone.
19:28 of 2nd period - Wrist shot by Patrick Eaves.
19:28 of 2nd period - Stopped by Pekka Rinne without a rebound.
19:29 of 2nd period - Patrik Berglund wins face-off versus Maxim Lapierre in Flames zone.
19:56 of 2nd period - Maxim Afinogenov is hit by Eric Staal.
Goals for this period are 0 for Canucks vs 0 for Flames.
Shots for this period are 11 for Canucks vs 3 for Flames.
3rd period
0:01 of 3rd period - Eric Staal wins face-off versus Maxim Lapierre in neutral zone.
0:04 of 3rd period - Clarke MacArthur is hit by David Backes and loses puck.
0:26 of 3rd period - Steve Eminger is hit by Patrick Eaves and loses puck.
1:04 of 3rd period - Patrick Eaves is hit by Erik Johnson and loses puck.
1:11 of 3rd period - Snap shot by Brad Marchand.
1:11 of 3rd period - Shot Misses the Net.
1:37 of 3rd period - Slapshot by Maxim Lapierre.
1:37 of 3rd period - Shot Misses the Net.
1:43 of 3rd period - Minor Penalty to Derek Meech for Hooking.
1:44 of 3rd period - Martin St. Louis wins face-off versus Marcel Goc in Flames zone.
1:57 of 3rd period - Snap shot by Martin St. Louis.
1:57 of 3rd period - Deflect By Mike Ribeiro.
1:57 of 3rd period - Stopped by Pekka Rinne without a rebound.
1:58 of 3rd period - Marcel Goc wins face-off versus Martin St. Louis in Flames zone.
3:43 of 3rd period - Penalty to Derek Meech is over, Derek Meech is back on ice.
3:56 of 3rd period - Snap shot by Stephane Veilleux.
3:56 of 3rd period - Stopped by Brent Krahn without a rebound.
3:57 of 3rd period - Patrick Eaves wins face-off versus Colin Wilson in Canucks zone.
4:02 of 3rd period - Cam Janssen is hit by Matt Stajan and loses puck.
4:12 of 3rd period - Matt Stajan is hit by Cam Janssen and loses puck.
4:23 of 3rd period - Brad Marchand is hit by Brendon Nash and loses puck.
4:44 of 3rd period - Wrist shot by Maxim Lapierre.
4:44 of 3rd period - Stopped by Pekka Rinne without a rebound.
4:45 of 3rd period - Maxim Lapierre wins face-off versus Eric Staal in Flames zone.
4:48 of 3rd period - Wrist shot by Maxim Lapierre.
4:48 of 3rd period - Shot Misses the Net.
5:11 of 3rd period - Patrick Eaves is hit by Steve Regier and loses puck.
6:17 of 3rd period - Slapshot by Derek Meech.
6:17 of 3rd period - Stopped by Brent Krahn with a rebound.
6:19 of 3rd period - Slapshot by Marcel Goc.
6:19 of 3rd period - Stopped by Brent Krahn with a rebound.
6:21 of 3rd period - Wrist shot by Marcel Goc.
6:21 of 3rd period - Stopped by Brent Krahn with a rebound.
6:52 of 3rd period - Icing by Ryan Parent.
6:53 of 3rd period - Eric Staal wins face-off versus Maxim Lapierre in Canucks zone.
6:56 of 3rd period - Snap shot by Eric Staal.
6:56 of 3rd period - Shot Misses the Net.
7:17 of 3rd period - Milan Michalek is hit by Noah Welch and loses puck.
7:29 of 3rd period - Minor Penalty to Jonathan Ferland for Tripping.
7:30 of 3rd period - Martin St. Louis wins face-off versus Marcel Goc in Flames zone.
8:06 of 3rd period - Slapshot by Robyn Regehr.
8:06 of 3rd period - Stopped by Brent Krahn with a rebound.
8:08 of 3rd period - Backhand shot by Brad Marchand.
8:08 of 3rd period - Shot Blocked by Jiri Hudler.
8:10 of 3rd period - Slapshot by Robyn Regehr.
8:10 of 3rd period - Shot Blocked by Alex Goligoski.
8:26 of 3rd period - Robyn Regehr is hit by Alex Goligoski and loses puck.
9:22 of 3rd period - Icing by Jiri Hudler.
9:23 of 3rd period - Clarke MacArthur wins face-off versus Colin Wilson in Canucks zone.
9:29 of 3rd period - Penalty to Jonathan Ferland is over, Jonathan Ferland is back on ice.
9:40 of 3rd period - Snap shot by Colin Wilson.
9:40 of 3rd period - Shot Blocked by Alex Goligoski.
9:42 of 3rd period - Slapshot by Stephane Veilleux.
9:42 of 3rd period - Shot Misses the Net.
9:58 of 3rd period - Vince Rocco is hit by Brad Marchand and loses puck.
10:29 of 3rd period - Clarke MacArthur is hit by Steve Regier and loses puck.
10:52 of 3rd period - Wrist shot by Eric Staal.
10:52 of 3rd period - Shot Hit the Post.
10:54 of 3rd period - Wrist shot by Eric Staal.
10:54 of 3rd period - Shot Blocked by Nigel Dawes.
10:56 of 3rd period - Wrist shot by David Backes.
10:56 of 3rd period - Shot Misses the Net.
11:27 of 3rd period - Milan Michalek is hit by Colin Wilson and loses puck.
12:01 of 3rd period - Minor Penalty to Martin St. Louis for Hooking.
12:02 of 3rd period - Jiri Hudler wins face-off versus Eric Staal in Canucks zone.
13:20 of 3rd period - Sami Lepisto is hit by Jonathan Ferland and loses puck.
14:01 of 3rd period - Penalty to Martin St. Louis is over, Martin St. Louis is back on ice.
14:29 of 3rd period - Wrist shot by Maxim Lapierre.
14:29 of 3rd period - Stopped by Pekka Rinne with a rebound.
15:04 of 3rd period - Minor Penalty to Steve Regier for Hooking.
15:05 of 3rd period - Marcel Goc wins face-off versus Martin St. Louis in Flames zone.
15:44 of 3rd period - Jiri Hudler is hit by Eric Staal and loses puck.
15:48 of 3rd period - Icing by Clarke MacArthur.
15:49 of 3rd period - Clarke MacArthur wins face-off versus Marcel Goc in Canucks zone.
16:08 of 3rd period - Snap shot by Brad Marchand.
16:08 of 3rd period - Stopped by Brent Krahn with a rebound.
16:10 of 3rd period - Slapshot by Ron Hainsey.
16:10 of 3rd period - Shot Blocked by Ben Lovejoy.
16:12 of 3rd period - Wrist shot by Brad Marchand.
16:12 of 3rd period - Stopped by Brent Krahn with a rebound.
16:14 of 3rd period - Wrist shot by Eric Staal.
16:14 of 3rd period - Deflect By Brad Marchand.
16:14 of 3rd period - Goal by Brad Marchand - Canucks : 1 - Flames : 1.
16:15 of 3rd period - Martin St. Louis wins face-off versus Marcel Goc in neutral zone.
16:20 of 3rd period - Snap shot by Martin St. Louis.
16:20 of 3rd period - Shot Blocked by Ron Hainsey.
16:48 of 3rd period - Slapshot by Tom Poti.
16:48 of 3rd period - Shot Misses the Net.
16:50 of 3rd period - Slapshot by Sami Lepisto.
16:50 of 3rd period - Stopped by Pekka Rinne with a rebound.
17:04 of 3rd period - Penalty to Steve Regier is over, Steve Regier is back on ice.
17:29 of 3rd period - Slapshot by Alex Tanguay.
17:29 of 3rd period - Goal by Alex Tanguay - Canucks : 2 - Flames : 1.
17:30 of 3rd period - Patrik Berglund wins face-off versus Patrick Eaves in neutral zone.
17:34 of 3rd period - Off-side.
17:35 of 3rd period - Patrik Berglund wins face-off versus Patrick Eaves in neutral zone.
17:38 of 3rd period - Sami Lepisto is hit by Jonathan Ferland.
18:05 of 3rd period - Off-side.
18:06 of 3rd period - Patrick Eaves wins face-off versus Marcel Goc in neutral zone.
18:17 of 3rd period - Slapshot by Patrick Eaves.
18:17 of 3rd period - Stopped by Pekka Rinne with a rebound.
18:19 of 3rd period - Slapshot by Alex Goligoski.
18:19 of 3rd period - Stopped by Pekka Rinne without a rebound.
18:20 of 3rd period - Marcel Goc wins face-off versus Maxim Lapierre in Flames zone.
18:28 of 3rd period - Off-side.
18:29 of 3rd period - Marcel Goc wins face-off versus Maxim Lapierre in neutral zone.
18:32 of 3rd period - Flames, Pekka Rinne is pulled from the net.
18:46 of 3rd period - Wrist shot by Clarke MacArthur.
18:46 of 3rd period - Goal by Clarke MacArthur - Canucks : 3 - Flames : 1.
18:46 of 3rd period - Pekka Rinne from Flames was sent back in the game.
18:47 of 3rd period - Patrick Eaves wins face-off versus Marcel Goc in neutral zone.
19:12 of 3rd period - David Backes is hit by Maxim Afinogenov and loses puck.
19:33 of 3rd period - Minor Penalty to Mark Bell for Roughing.
19:34 of 3rd period - Marcel Goc wins face-off versus Mike Ribeiro in Flames zone.
19:45 of 3rd period - Slapshot by Alex Goligoski.
19:45 of 3rd period - Deflect By Nigel Dawes.
19:45 of 3rd period - Shot Blocked by Ron Hainsey.
19:45 of 3rd period - Puck is out of play.
19:46 of 3rd period - Marcel Goc wins face-off versus Martin St. Louis in Flames zone.
Goals for this period are 2 for Canucks vs 1 for Flames.
Shots for this period are 8 for Canucks vs 8 for Flames.
Back to the Top